 Dungeon Crawl Stone Soup version 0.28-a0-1447-ga5a8893891 (webtiles) character file.

Game seed: 9066053123609280654

77 bande the Skirmisher (level 4, 0/29 HPs)
             Began as a Gargoyle Fighter on Jan 11, 2022.
             Slain by an adder (4 damage)
             ... on level 2 of the Dungeon.
             The game lasted 00:03:41 (1539 turns).

bande the Skirmisher (Gargoyle Fighter)             Turns: 1539, Time: 00:03:42

Health: 0/29       AC: 11    Str: 19    XL:     4   Next: 33%
Magic:  4/4        EV:  9    Int:  9    God:
Gold:   59         SH:  4    Dex: 11    Spells: 3/3 levels left

rFire   . . .      SeeInvis .   a - +0 war axe
rCold   . . .      Faith    .   c - +0 buckler
rNeg    + . .      Spirit   .   b - +0 scale mail
rPois   ∞          Reflect  .   g - +0 helmet
rElec   +          Harm     .   (no cloak)
rCorr   .          Rampage  .   (no gloves)
Will    .....                   (no boots)
Stlth   ..........              (no amulet)
HPRegen 0.09/turn               (no ring)
MPRegen 0.09/turn               (no ring)

@: no status effects
A: sickness immunity, AC +3, negative energy resistance 1, electricity
resistance, torment resistance 1, petrification resistance
a: no special abilities


You were on level 2 of the Dungeon.
You visited 1 branch of the dungeon, and saw 2 of its levels.

You collected 59 gold pieces.

Inventory:

Hand Weapons
 a - a +0 war axe (weapon)
Missiles
 f - 6 boomerangs of dispersal (quivered)
Armour
 b - a +0 scale mail (worn)
 c - a +0 buckler (worn)
 g - a +0 helmet (worn)
Scrolls
 j - a scroll of teleportation
Potions
 d - a potion of might
 e - a potion of heal wounds
 i - a potion of mutation
 k - a potion of magic


   Skills:
 + Level 3.8 Fighting
 + Level 3.0 Axes
 + Level 3.8 Armour
 + Level 3.7 Shields


You had 3 spell levels left.
You didn't know any spells.
Your spell library was empty.

Dungeon Overview and Level Annotations

Branches:
Dungeon (2/15)

Altars:

Shops:
D:1 (

Annotations:
D:2 1 runed translucent door, Crazy Yiuf


Innate Abilities, Weirdness & Mutations

You are immune to sickness and miasma.
Your stone body is resilient. (AC +3)
You are immune to poison.
You resist negative energy. (rN+)
You are resistant to electric shocks. (rElec)
You are resistant to unholy torment.
You are immune to petrification.


Message History

Robin throws the goblin at you! You block the adder's attack.
You barely miss Robin.
Robin is heavily wounded.
You miss the goblin. You closely miss the adder. The adder bites you.
You block the goblin's attack.
Robin drinks a potion.
Robin seems to grow stronger.
The adder bites you.
You hit Robin.
Robin is severely wounded.
You barely miss the hobgoblin. You miss the goblin. You barely miss the adder.
The goblin misses you. Robin closely misses you. The adder barely misses you.
The hobgoblin hits you but does no damage.
The goblin hits you with a +0 club. Robin hits you but does no damage.
The adder bites you but does no damage.
You slash Robin!
You kill Robin!
You barely miss the hobgoblin. You closely miss the goblin. You miss the adder.
The hobgoblin barely misses you. The goblin hits you but does no damage.
The adder bites you but does no damage.
The hobgoblin hits you but does no damage.
Unknown command.
Found a twisted ring mail.
The adder bites you but does no damage. The hobgoblin hits you.
You block the adder's attack.
Items here: ! ) [[ †.
The adder bites you but does no damage. The hobgoblin hits you.
You slash the goblin!
You kill the goblin!
You miss the adder. You barely miss the goblin. You hit the hobgoblin.
The adder barely misses you. You block the goblin's attack.
The hobgoblin hits you.
* * * LOW HITPOINT WARNING * * *
The adder bites you but does no damage.
Your Axes skill increases to level 3!
Unknown command.
You slash the goblin!
You kill the goblin!
You hit the adder. You slash the hobgoblin!
You kill the hobgoblin!
The adder bites you but does no damage. You block the adder's attack.
The adder bites you.
You die...

....# ###
♣♣♣.♣.....>.#
##### ♣♣♣♣♣##...#
#...# ##### #...#
......#####...#
.............##
......##)....#
......#.).$..#
......S@)....##
......).........#
......##....###.#
...... ....$# #
............[.#
......#.....#.#
..... #.....#.#
...[ ....# ....#


You could see an adder.

Vanquished Creatures
  Robin (D:2)
  An adder (D:2)
  A worm (D:2)
  2 dart slugs
  2 ball pythons
  An endoplasm (D:1)
  3 giant cockroaches (D:1)
  11 hobgoblins
  6 bats
  A frilled lizard (D:2)
  10 goblins
  4 kobolds (D:1)
  2 rats
45 creatures vanquished.

Notes
Turn   | Place    | Note
-------+----------+-------------------------------------------
     0 | D:1      | bande the Gargoyle Fighter began the quest for the Orb.
     0 | D:1      | Reached XP level 1. HP: 14/14 MP: 1/1
   105 | D:1      | Found a faded altar of an unknown god.
   327 | D:1      | Reached XP level 2. HP: 19/19 MP: 2/2
   502 | D:1      | Found Saoburr's Weapon Emporium.
   933 | D:1      | Reached XP level 3. HP: 24/24 MP: 3/3
  1503 | D:2      | Found a runed translucent door.
  1504 | D:2      | Noticed Crazy Yiuf
  1522 | D:2      | Noticed Robin
  1530 | D:2      | Reached XP level 4. HP: 21/29 MP: 4/4
  1534 | D:2      | Killed Robin
  1539 | D:2      | Slain by an adder

Illustrated notes

Levels and vault maps discovered:
D:1:      dpeg_arrival_round_c, layout_basic, basic_ecumenical_altar,
          serial_shops, nicolae_shop_competitors_out_of_business
D:2:      layout_basic, nrook_mini_backslash, uniq_crazy_yiuf_cottage,
          uniq_robin

Skill      XL: |  1  2  3  4 |
---------------+-------------+-----
Axes           | 2 3 |  3.0
Fighting       | |  3.8
Armour         | |  3.8
Shields        | |  3.7

Action                   |  1- 3 |  4- 6 || total
-------------------------+-------+-------++-------
Melee: War axe           |   102 |     7 ||   109
  Use: Scroll            |     8 |       ||     8
Armor: Scale mail        |    72 |    12 ||    84
Dodge: Dodged            |    51 |     7 ||    58
Block: Buckler           |    22 |     7 ||    29

Table legend: (Time is in decaauts)
 A = Elapsed time spent in this place.
 B = Non-inter-level travel time spent in this place.
 C = Inter-level travel time spent in this place.
 D = Time resting spent in this place.
 E = Time spent auto-exploring this place.
 F = Levels seen in this place.
 G = Mean time per level.
                   A        B        C        D        E       F      G
               +--------+--------+--------+--------+--------+-----+--------+
         Total |   1586 |   1559 |     27 |    223 |   1019 |   2 |  793.0 |
       Dungeon |   1586 |   1559 |     27 |    223 |   1019 |   2 |  793.0 |
               +--------+--------+--------+--------+--------+-----+--------+

Top non-repeatable levels by time:
     D:1: 1180 daAuts
     D:2: 406 daAuts
